 Dungeon Crawl Stone Soup version 0.22.1-1-ga44c0e56f4 (webtiles) character file.

227 blechx the Covered (level 6, 0/39 HPs)
             Began as a Gargoyle Fighter on Oct 12, 2018.
             Killed from afar by an orc wizard (8 damage)
             ... with a puff of frost
             ... on level 2 of the Dungeon.
             The game lasted 00:06:57 (1937 turns).

blechx the Covered (Gargoyle Fighter)               Turns: 1937, Time: 00:07:00

Health: 0/39       AC: 11    Str: 21    XL:     6   Next: 2%
Magic:  6/6        EV:  7    Int:  9    God:
Gold:   35         SH:  9    Dex:  9    Spells: 5/5 levels left

rFire    . . .     SeeInvis .   a - +0 war axe
rCold    . . .     Gourm    .   c - +0 shield
rNeg     + . .     Faith    .   b - +0 scale mail
rPois    ∞         Spirit   .   (no helmet)
rElec    +         Reflect  .   (no cloak)
rCorr    .         Harm     .   (no gloves)
MR       .....                  (no boots)
Stlth    ..........             (no amulet)
HPRegen  0.13/turn              (no ring)
MPRegen  0.10/turn              (no ring)

@: no status effects
A: negative energy resistance 1, electricity resistance, unbreathing,
petrification resistance, rot immunity, AC +4
a: no special abilities


You were on level 2 of the Dungeon.
You were not hungry.

You visited 1 branch of the dungeon, and saw 3 of its levels.

You collected 35 gold pieces.

Inventory:

Hand Weapons
 a - a +0 war axe (weapon)
Armour
 b - a +0 scale mail (worn)
 c - a +0 shield (worn)
 m - a +0 helmet
 n - a +1 ring mail of fire resistance
Jewellery
 h - an uncursed ring of resist corrosion {unknown}
Scrolls
 g - 3 scrolls of identify {unknown}
 i - a scroll of remove curse {unknown}
 j - a scroll of magic mapping {unknown}
Potions
 d - a potion of might
 e - a potion of invisibility {unknown}
 k - a potion of heal wounds {unknown}
 l - a potion of mutation {unknown}
Comestibles
 f - 3 rations


   Skills:
 + Level 4.3 Fighting
 + Level 3.4 Axes
 + Level 4.4 Armour
 + Level 0.6 Dodging
 - Level 0.2 Stealth
 + Level 4.2 Shields


You had 5 spell levels left.
You didn't know any spells.
Your spell library was empty.

Dungeon Overview and Level Annotations

Branches:
Dungeon (3/15)

Altars:


Innate Abilities, Weirdness & Mutations

You are resistant to torment.
Your stone body is resilient. (AC +4)
You are immune to poison.
You resist negative energy. (rN+)
You are resistant to electric shocks. (rElec)
You can survive without breathing.
You are immune to petrification.
You are immune to rotting.


Message History

You miss something. You hit the goblin.
You kill the goblin!
Something hits you but does no damage. x2
You miss something.
You hear some strange, mumbled words.
A puff of frost appears from out of thin air!
The puff of frost hits you!
* * * LOW HITPOINT WARNING * * *
Something hits you but does no damage.
You closely miss something. Something hits you but does no damage.
You block something's attack.
Things that are here:
a dagger; a goblin corpse; an orc corpse You hear some strange, mumbled words.
A puff of frost appears from out of thin air!
You block the puff of frost.
You hear some strange, mumbled words.
A puff of frost appears from out of thin air!
The puff of frost hits you!
You die...

#.............#
#####..#####....†.#
#......##.........##########
#.###.......................
#.#.......##..#.#.##########
#.#.##.#####..#.#.# #
######)#.##.# #......# #
.....#.#.##.#####.##+### #######
####.#.......[>)@.#...## #......
## #.###.#########.....## #.#####
.# #.# #.#.## ##.......###.##.##
.###.###....####..<......##.#...#
...............'.........'.......
.###.####...####.........##.#....
.....####..## ##.......###.##.##
#####.....## ##.....## #...... #
#.....# ##...## #######


There were no monsters in sight!

Vanquished Creatures
  2 orc wizards
  Jessica (D:2)
  A worker ant (D:2)
  4 gnolls (D:2)
  An adder (D:2)
  An ooze (D:1)
  3 worms (D:2)
  2 dart slugs (D:1)
  A leopard gecko (D:2)
  6 orcs
  A ball python (D:1)
  2 bats (D:1)
  8 goblins
  6 hobgoblins
  4 jackals (D:2)
  4 kobolds
  2 quokkas (D:2)
  A frilled lizard (D:2)
  4 rats
54 creatures vanquished.

Notes
Turn   | Place    | Note
-------+----------+-------------------------------------------
     0 | D:1      | blechx the Gargoyle Fighter began the quest for the Orb.
     0 | D:1      | Reached XP level 1. HP: 14/14 MP: 1/1
   126 | D:1      | Reached XP level 2. HP: 19/19 MP: 2/2
   602 | D:2      | Reached XP level 3. HP: 20/24 MP: 3/3
   840 | D:2      | Reached XP level 4. HP: 19/29 MP: 4/4
  1026 | D:2      | Noticed Jessica
  1031 | D:2      | Killed Jessica
  1108 | D:2      | Reached XP level 5. HP: 11/33 MP: 5/5
  1915 | D:3      | Reached XP level 6. HP: 30/39 MP: 6/6
  1937 | D:2      | Killed from afar by an orc wizard

Skill      XL: |  1  2  3  4  5 |
---------------+----------------+-----
Axes           | 2 3 |  3.4
Fighting       | 4 |  4.3
Armour         | 4 |  4.4
Shields        | 4 |  4.2
Dodging        | |  0.6
Stealth        | |  0.2

Action                   |  1- 3 |  4- 6 || total
-------------------------+-------+-------++-------
Melee: War axe           |    80 |   120 ||   200
  Eat: Ration            |       |     1 ||     1
Armor: Scale mail        |    38 |    73 ||   111
Dodge: Dodged            |    27 |    40 ||    67
Block: Shield            |    36 |    57 ||    93
